 Dungeon Crawl Stone Soup version 0.18.1-50-g88ac8fd (webtiles) character file.

3581 PonyPoster the Martial Artist (level 9, -3/76 HPs)
             Began as a Mummy Monk on May 1, 2017.
             Slain by a thrashing horror (5 damage)
             ... on level 2 of the Abyss.
             The game lasted 00:22:27 (16088 turns).

PonyPoster the Martial Artist (Mummy Monk)         Turns: 16088, Time: 00:22:28

Health: -3/76      AC:  3    Str: 14      XL:     9   Next: 84%
Magic:  9/9        EV: 17    Int:  9 (10) God:
Gold:   177        SH:  0    Dex: 17      Spells: 0 memorised, 8 levels left

rFire  x . .     SeeInvis .       - Unarmed
rCold  + . .     Gourm    .     (no armour)
rNeg   + + +     Faith    .     (no shield)
rPois  ∞         Spirit   .     (no helmet)
rElec  .         Dismiss  .     l - +2 cloak
rCorr  .         Reflect  .     (no gloves)
SustAt +         Harm     .     (no boots)
MR     +....                    (no amulet)
Stlth  ++........               o - ring of sustain attributes
                                n - +2 ring of evasion

@: about to teleport, somewhat resistant to hostile enchantments, unstealthy
A: no food or potions, fire vulnerability, cold resistance 1, negative energy
resistance 3, torment resistance, unbreathing
a: no special abilities


You were on level 2 of the Abyss.
You were not hungry.

You visited 2 branches of the dungeon, and saw 9 of its levels.
You visited the Abyss 1 time.
You also visited: Ossuary.

You collected 369 gold pieces.
You spent 192 gold pieces at shops.


Innate Abilities, Weirdness & Mutations

You do not eat or drink.
Your flesh is vulnerable to fire.
You are immune to poison.
Your flesh is cold resistant.
You are immune to negative energy.
You are immune to unholy pain and torment.
You can survive without breathing.


   Skills:
 - Level 9.0 Fighting
 - Level 5.0 Dodging
 - Level 1.5 Stealth
 + Level 9.2 Unarmed Combat


You had 8 spell levels left.
You didn't know any spells.

Inventory:

Hand Weapons
 c - a +1 scythe
Armour
 l - a +2 cloak (worn)
Jewellery
 d - an uncursed ring of resist corrosion
 n - a +2 ring of evasion (left hand)
 o - a ring of sustain attributes (right hand)
Scrolls
 a - a scroll of immolation {!r}
 b - 5 scrolls of teleportation {@r4}
 f - 2 scrolls of amnesia
 g - 7 scrolls of remove curse
 i - 3 scrolls of random uselessness
 j - a scroll of noise {!r}
 k - 2 scrolls of recharging
 m - 3 scrolls of magic mapping

Dungeon Overview and Level Annotations

Branches:
Dungeon (8/15)             Temple (1/1) D:5
   Lair: D:8-11

Altars:
Fedhas
Gozag
Makhleb
Pakellas
Qazlal
Vehumet
Yredelemnul

Shops:
D:4 *

Annotations:
D:5 septik's ghost, novice GrFi
D:8 exclusion: door, Erolcha h

.▒ .▒▒....
▒▒▒▒▒.. ..
▒.#.▒.▒..▒▒▒.
▒...▒.▒.▒.... ..
▒M▒▒..▒..... ...
▒▒X......▒ ..▒ ..
▒X▒5..▒X▒▒▒..▒ ..
▒.▒..▒▒.........
▒..▒5.▒▒▒.x..x .
▒.▒...*x.▒▒..▒ .
...▒▒.▒▒.▒▒..▒▒..
▒▒#▒▒.▒..... ....
.▒▒▒▒.▒▒. .......


You could see a wretched star, 2 thrashing horrors, a large abomination, a small
abomination and an ufetubus.


Message History

Something shouts, "Bolt, thou foppish toot-wallowing mendicant!!!"
You hear a bark!!! x2
The thrashing horror tramples you!!! * * * don't die
* * * You stumble backwards!!!
You take 16 damage, and have 29/76 hp!
MASSIVE DAMAGE!!!!!!
The thrashing horror completely misses you!
The thrashing horror misses you!
The thrashing horror roars!!!
You hear a roar!!!
You hear a bark!!!
The thrashing horror tramples you! * * * don't die
* * * You stumble backwards!!!
A raiju comes into view!
You take 4 damage, and have 26/76 hp!
The wretched star pulses with an eldritch light!!!
You feel dopey for a moment!
You feel clumsy for a moment!
The thrashing horror tramples you!!! * * * don't die
* * * You hold your ground!!!
The thrashing horror tramples you! * * * don't die
* * * You hold your ground!!!
The thrashing horror tramples you! * * * don't die
* * * You hold your ground!!!
The thrashing horror completely misses you!
You take 12 damage, and have 14/76 hp!
The thrashing horror roars!!!
You hear a roar!!!
The thrashing horror tramples you!!! * * * don't die
* * * You hold your ground!!!
The thrashing horror tramples you! rip

Action                   |  1- 3 |  4- 6 |  7- 9 || total
-------------------------+-------+-------+-------++-------
Melee: Unarmed           |   107 |   255 |   816 ||  1178
       Punch             |     2 |     4 |    35 ||    41
  Use: Scroll            |       |     7 |    10 ||    17
 Stab: Sleeping          |     3 |     7 |     4 ||    14
       Distracted        |       |       |     1 ||     1
Armor: Skin              |       |     9 |    67 ||    76
Dodge: Dodged            |    56 |   161 |   595 ||   812

Vault maps used:
D:1:      lemuel_arrival_rhombus, minmay_misc_feat_diagonals,
          hangedman_decor_lopped, bh_walls_and_bars
D:2:      first_bread, uniq_iyjb
D:3:      kennysheep_another_room, grunt_ministairs_5, uniq_sigmund,
          uniq_terence
D:4:      nicolae_qazlal_style_of_elements, nicolae_alphabet_shops
D:5:      minmay_temple_entry_statues_fountains, chequers_ossuary_entry_cave
D:6:      grunt_temple_overflow_open
D:7:      grunt_temple_overflow_cloverleaf, minmay_misc_feat_hallway,
          uniq_joseph
D:8:      okawaru_gym_becter, grunt_lair_entry_orc_guard_hut,
          kennysheep_generic_room_13, uniq_prince_ribbit1, uniq_erolcha
Temple:   eino_temple_water_12
Ossuary:  ossuary_zaba_flooded

Notes
Turn   | Place    | Note
--------------------------------------------------------------
     0 | D:1      | PonyPoster the Mummy Monk began the quest for the Orb.
     0 | D:1      | Reached XP level 1. HP: 18/18 MP: 1/1
   309 | D:1      | Reached XP level 2. HP: 19/24 MP: 2/2
   968 | D:1      | Reached skill level 4 in Unarmed Combat
  1008 | D:1      | Reached XP level 3. HP: 29/29 MP: 3/3
  1264 | D:1      | I understand now.
  1370 | D:2      | Noticed Ijyb
  1478 | D:1      | Killed Ijyb
  1798 | D:2      | Reached XP level 4. HP: 35/35 MP: 4/4
  2789 | D:3      | Noticed an ice beast
  2803 | D:2      | Reached skill level 5 in Unarmed Combat
  3473 | D:3      | Noticed Sigmund
  3653 | D:3      | Reached XP level 5. HP: 14/42 MP: 5/5
  3941 | D:3      | Noticed Terence
  4338 | D:3      | Reached skill level 4 in Fighting
  4528 | D:4      | Found Easoax's Eclectic Emporium.
  4643 | D:4      | Bought a +2 ring of evasion for 110 gold pieces
  4705 | D:4      | Bought a scroll of enchant armour for 82 gold pieces
  4802 | D:4      | Found a stormy altar of Qazlal.
  4803 | D:4      | Noticed a water elemental
  4805 | D:4      | Noticed an air elemental
  4805 | D:4      | Noticed a fire elemental
  5315 | D:3      | Killed Sigmund
  5315 | D:3      | Reached skill level 5 in Fighting
  5315 | D:3      | Reached XP level 6. HP: 47/51 MP: 6/6
  5477 | D:1      | Killed an ice beast
  5477 | D:1      | Reached skill level 3 in Dodging
  5681 | D:5      | Entered Level 5 of the Dungeon
  5685 | D:5      | Noticed septik's ghost (novice GrFi)
  5719 | D:5      | Noticed an ice beast
  5730 | D:5      | Found a staircase to the Ecumenical Temple.
  5745 | Temple   | Entered the Ecumenical Temple
  5842 | D:5      | Found a sand-covered staircase.
  5857 | Ossuary  | Entered an ossuary
  5964 | Ossuary  | Reached XP level 7. HP: 28/56 MP: 7/7
  5993 | Ossuary  | Reached skill level 4 in Dodging
  6731 | D:4      | HP: 4/56 [ice beast (7)]
  6780 | D:4      | Reached skill level 5 in Dodging
  7995 | D:3      | Killed Terence
  8370 | D:4      | Reached XP level 8. HP: 63/63 MP: 8/8
  8463 | D:6      | Reached skill level 6 in Unarmed Combat
  9632 | D:6      | Reached skill level 7 in Unarmed Combat
  9861 | D:6      | Reached skill level 6 in Fighting
 10118 | D:6      | Reached skill level 7 in Fighting
 10373 | D:6      | Found an opulent altar of Gozag.
 10955 | D:6      | Found a burning altar of Makhleb.
 10999 | D:6      | Reached XP level 9. HP: 64/72 MP: 9/9
 11037 | D:6      | Reached skill level 8 in Unarmed Combat
 11268 | D:7      | Found a radiant altar of Vehumet.
 11271 | D:7      | Found an oddly glowing altar of Pakellas.
 11283 | D:7      | Found a basalt altar of Yredelemnul.
 11286 | D:7      | Found a blossoming altar of Fedhas.
 11349 | D:7      | Noticed Joseph
 12361 | D:7      | Reached skill level 8 in Fighting
 14610 | D:7      | Killed Joseph
 15028 | D:7      | Reached skill level 9 in Unarmed Combat
 15855 | D:8      | Reached skill level 9 in Fighting
 15864 | D:8      | Noticed Erolcha
 15869 | D:8      | Cast into level 1 of the Abyss (Erolcha)
 15871 | Abyss:1  | hmm
 15911 | Abyss:1  | Noticed a starcursed mass
 15947 | Abyss:1  | Noticed a rakshasa
 16057 | Abyss:2  | Noticed a large abomination
 16076 | Abyss:2  | Noticed a thrashing horror
 16077 | Abyss:2  | Noticed a thrashing horror
 16081 | Abyss:2  | Noticed a large abomination
 16081 | Abyss:2  | Noticed a wretched star
 16084 | Abyss:2  | Noticed a hell hog
 16088 | Abyss:2  | HP: 2/76 [thrashing horror (12)]
 16088 | Abyss:2  | Slain by a thrashing horror

Vanquished Creatures
  Joseph (D:7)
  Sigmund (D:3)
  A soldier ant (D:8)
  An orc warrior (D:6)
  4 ice beasts
  A black bear (D:7)
  A phantom (D:6)
  A centaur (D:7)
  2 ogres
  A crocodile (D:8)
  A small abomination (Abyss:2)
  6 giant frogs
  A water moccasin skeleton (D:7)
  3 killer bees (D:7)
  8 wights
  A howler monkey (D:4)
  3 crimson imps
  3 giant frog zombies (Ossuary)
  A hound (D:5)
  5 orc priests
  3 orc wizards
  A centaur skeleton (D:5)
  A giant frog skeleton (D:6)
  An iguana (D:6)
  Ijyb (D:1)
  Terence (D:3)
  A worker ant (D:5)
  A hound skeleton (D:8)
  3 mummies
  A worker ant zombie (D:7)
  5 gnolls
  7 adders
  6 river rats
  A shadow imp (D:5)
  An ooze (D:4)
  3 adder zombies (Ossuary)
  2 adder skeletons (D:4)
  2 worms (D:2)
  3 dart slugs
  6 giant geckos
  28 orcs
  7 giant cockroaches
  6 goblins
  9 hobgoblins
  2 jackals (D:3)
  3 quokkas
  20 bats
  A giant cockroach zombie (Ossuary)
  A giant gecko zombie (Ossuary)
  6 giant newts
  6 kobolds
  16 rats
201 creatures vanquished.

Vanquished Creatures (others)
  2 fungi (D:8)
  A withered plant (Ossuary)
3 creatures vanquished.

Grand Total: 204 creatures vanquished
